 Dungeon Crawl Stone Soup version 0.15-a0-1549-gb42009b (console) character file.

5670 trueninja the Grappler (level 10, -3/77 HPs)
             Began as a Minotaur Monk on June 16, 2014.
             Was a Believer of Cheibriados.
             Slain by a cyclops (16 damage)
             ... on Level 11 of the Dungeon on June 17, 2014.
             The game lasted 00:31:28 (4760 turns).

trueninja the Grappler (Minotaur Monk)              Turns: 4760, Time: 00:31:28

HP  -3/77        AC 18     Str 26      XL: 10   Next: 47%
MP  13/13        EV  9     Int 12      God: Cheibriados [**....]
Gold 143         SH  0     Dex 21      Spells:  1 memorised,  5 levels left

rFire  + . .     SeeInvis .     r - +0 blowgun
rCold  . . .     Clarity  .     T - +2 chain mail {rF+}
rNeg   . . .     rCorr    .     (no shield)
rPois  .         rRot     .     (helmet restricted)
rElec  .         Spirit   .     d - +2 cloak (curse)
SustAb .         Warding  .     B - +2 pair of gloves {Dex+3}
rMut   .         Stasis   .     (no boots)
Gourm  .                        (no amulet)
MR     .....                    R - +2 ring of strength
                                q - ring of invisibility

@: very slow, not resistant to hostile enchantments, extremely unstealthy
A: retaliatory headbutt, horns 2
a: Bend Time, Renounce Religion, Evoke Invisibility


You were on level 11 of the Dungeon.
You worshipped Cheibriados.
Cheibriados was pleased with you.
You were not hungry.

You visited 2 branches of the dungeon, and saw 12 of its levels.

You collected 299 gold pieces.
You spent 156 gold pieces at shops.

Inventory:

Hand weapons
 r - a +0 blowgun (weapon)
Armour
 d - a cursed +2 cloak (worn)
 z - a +2 large shield
 B - a +2 pair of gloves of dexterity (worn)
 J - a +0 robe of positive energy
 K - a +1 leather armour of cold resistance
 P - a +0 shield
 T - a +2 chain mail of fire resistance (worn)
Magical devices
 D - a wand of hasting (3)
 H - a wand of flame (1)
 O - a wand of magic darts (7)
 Z - a wand of fireball (5)
Comestibles
 b - 5 bread rations
 u - 2 fruits
 F - 7 slices of pizza
 I - 2 meat rations
 M - 4 beef jerkies
 U - a royal jelly
Scrolls
 a - a scroll of fear {unknown}
 e - a scroll of magic mapping {unknown}
 f - a scroll of blinking {unknown}
 h - a scroll of immolation {unknown}
 j - 2 scrolls of random uselessness {unknown}
 m - 3 scrolls of enchant armour
 s - 3 scrolls of teleportation {unknown}
 t - 3 scrolls of amnesia {unknown}
 y - a scroll of noise {unknown}
 L - a scroll of enchant weapon {unknown}
 Q - 3 scrolls of remove curse
 S - a scroll of vulnerability {unknown}
 Y - a scroll of fog {unknown}
Jewellery
 q - a ring of invisibility (left hand)
 N - an uncursed amulet of faith
 R - a +2 ring of strength (right hand)
Potions
 c - a potion of haste
 g - a potion of degeneration {unknown}
 i - 2 potions of resistance {unknown}
 l - 2 potions of curing
 n - a potion of cure mutation {unknown}
 o - a potion of beneficial mutation {unknown}
 p - a potion of mutation {unknown}
 C - a potion of agility
 E - 2 potions of restore abilities
 G - a potion of poison {unknown}
 V - a potion of confusion {unknown}
 X - 2 potions of heal wounds {unknown}


   Skills:
 - Level 3.6 Fighting
 + Level 5.3 Armour
 + Level 4.8 Dodging
 - Level 1.5 Stealth
 - Level 14.6 Unarmed Combat
 - Level 5.5 Invocations


You had 5 spell levels left.
You knew the following spells:

 Your Spells              Type           Power        Failure   Level  Hunger
a - Control Teleport      Chrm/Tloc      #.........   100%        4    #####..


Dungeon Overview and Level Annotations

Branches:
Dungeon (11/15)            Temple (1/1) D:6
    Orc: D:9-12        Lair: D:8-11

Altars:
Ashenzari
Cheibriados
Dithmenos
Elyvilon
Fedhas
Gozag
Kikubaaqudgha
Makhleb
Nemelex Xobeh
Okawaru
Qazlal
Sif Muna
Trog
Vehumet
Xom
Yredelemnul
Zin
The Shining One

Shops:
D:5 !   D:8 *   D:10 [


Innate Abilities, Weirdness & Mutations

You reflexively headbutt those who attack you in melee.
You have a pair of horns on your head.


Message History

2 curare-tipped needles.
The floor.
Firing (i - inventory):
w - 2 curare-tipped needles (quivered)
Press: ? - help, Shift-Dir - straight line, f/p - cyclops
Aim: a cyclops (moderately wounded, poisoned, slow, catching its breath)
You shoot a curare-tipped needle.
The curare-tipped needle hits the cyclops.
The cyclops convulses.
The cyclops seems to slow down.
The cyclops is heavily wounded.
The worker ant closely misses you. The worker ant barely misses you.
Firing (i - inventory):
w - a curare-tipped needle (quivered)
Press: ? - help, Shift-Dir - straight line, f/p - cyclops
Aim: a cyclops (heavily wounded, poisoned, slow, catching its breath)
You shoot a curare-tipped needle.
The curare-tipped needle hits the cyclops.
The cyclops convulses.
The cyclops seems to slow down.
The cyclops is heavily wounded.
The worker ant bites you but does no damage.
The cyclops hits you!
You die...

##########+# .
.o###...........
....
..C..............
.... #...(........
... #...#########
#.. #..(# #..
#aC.# #.. #@..#
#.. #...# #..
#...############..
#.................
##################


You could see a cyclops and a worker ant.

Vanquished Creatures
  2 hill giants (D:11)
  2 yaks (D:7)
  Eustachio (D:8)
  A hill giant skeleton (D:5)
  A human (D:7)
  2 black bears
  4 orc warriors
  A necrophage (D:7)
  7 ogres
  7 centaurs
  Duvessa (D:7)
  2 giant frogs
  3 big kobolds
  Blork the orc (D:8)
  4 scorpions
  5 wights
  5 killer bees (D:7)
  A troll skeleton (D:9)
  2 goliath beetles (D:6)
  2 crimson imps (D:8)
  6 hounds
  Dowan (D:7)
  A quasit (D:7)
  A two-headed ogre zombie (D:7)
  A giant frog zombie (D:7)
  5 worker ants
  4 orc priests
  A jelly (D:9)
  4 orc wizards
  An elf skeleton (D:10)
  An ogre zombie (D:7)
  2 sheep (D:7)
  The ghost of trueninja the Ruffian, a weakling MiMo (D:3)
  A big kobold skeleton (D:9)
  A hound zombie (D:7)
  A mummy (D:9)
  2 green rats (D:8)
  8 adders
  A shadow imp (D:9)
  A giant mite (D:4)
  An iguana skeleton (D:8)
  An ooze (D:2)
  29 orcs
  A giant cockroach (D:3)
  9 hobgoblins
  4 quokkas
  16 bats
  3 giant geckos
  3 giant newts
  10 goblins
  2 hobgoblin zombies
  27 kobolds
  10 rats
  4 ballistomycetes (D:7)
218 creatures vanquished.

Vanquished Creatures (others)
  A giant spore (D:7)
1 creature vanquished.

Grand Total: 219 creatures vanquished

Notes
Turn   | Place    | Note
--------------------------------------------------------------
     0 | D:1      | trueninja, the Minotaur Monk, began the quest for the Orb.
     0 | D:1      | Reached XP level 1. HP: 19/19 MP: 1/1
    15 | D:2      | Found a sparkling altar of Nemelex Xobeh.
    51 | D:2      | Reached XP level 2. HP: 19/26 MP: 1/1
    54 | D:2      | Reached skill level 5 in Unarmed Combat
   259 | D:3      | Noticed trueninja's ghost (weakling MiMo)
   422 | D:3      | Killed trueninja's ghost
   422 | D:3      | Reached XP level 3. HP: 22/31 MP: 2/2
   503 | D:4      | Reached skill level 6 in Unarmed Combat
   503 | D:4      | Reached XP level 4. HP: 25/39 MP: 2/2
   522 | D:4      | Noticed an ogre
   526 | D:4      | HP: 1/39 [ogre/giant club (21)]
   562 | D:3      | HP: 1/39 [giant cockroach (1)]
   727 | D:2      | HP: 1/39 [poisoned by an adder]
   978 | D:4      | Noticed an ogre
  1140 | D:4      | Killed an ogre
  1140 | D:4      | Reached skill level 7 in Unarmed Combat
  1140 | D:4      | Reached XP level 5. HP: 10/45 MP: 2/2
  1317 | D:4      | Noticed an ogre
  1329 | D:4      | Killed an ogre
  1329 | D:4      | Reached skill level 8 in Unarmed Combat
  1329 | D:4      | Reached XP level 6. HP: 26/51 MP: 3/3
  1357 | D:4      | Killed an ogre
  1412 | D:5      | Entered Level 5 of the Dungeon
  1416 | D:5      | Reached skill level 9 in Unarmed Combat
  1487 | D:5      | Found Katiazie's Distillery.
  1554 | D:5      | Bought a potion of agility for 27 gold pieces
  1554 | D:5      | Bought 2 potions of curing for 44 gold pieces
  1554 | D:5      | Bought a potion of agility for 27 gold pieces
  1582 | D:5      | Noticed a hill giant skeleton
  1597 | D:5      | Killed a hill giant skeleton
  1597 | D:5      | Reached XP level 7. HP: 42/57 MP: 3/3
  1878 | D:6      | Reached skill level 10 in Unarmed Combat
  1936 | D:5      | Learned a level 4 spell: Control Teleport
  2036 | D:6      | Found a staircase to the Ecumenical Temple.
  2058 | Temple   | Entered the Ecumenical Temple
  2280 | D:6      | Reached skill level 11 in Unarmed Combat
  2280 | D:6      | Reached XP level 8. HP: 17/64 MP: 3/3
  2369 | D:6      | Found a glowing silver altar of Zin.
  2461 | D:7      | Noticed Dowan
  2515 | D:7      | Killed Dowan
  2527 | D:7      | Noticed Duvessa
  2535 | D:7      | Killed Duvessa
  2535 | D:7      | Reached skill level 12 in Unarmed Combat
  3064 | D:7      | Reached skill level 13 in Unarmed Combat
  3073 | D:7      | Reached XP level 9. HP: 62/70 MP: 4/4
  3155 | D:8      | Noticed Eustachio
  3192 | D:8      | Killed Eustachio
  3238 | D:8      | Reached skill level 14 in Unarmed Combat
  3314 | D:8      | Noticed Blork the orc
  3321 | D:8      | Killed Blork the orc
  3341 | D:8      | Found Igam's Assorted Antiques.
  3362 | D:8      | Bought a scroll labeled FRA MEYFUXTA for 29 gold pieces
  3362 | D:8      | Bought a scroll labeled TWYIVO KOQUCIU for 29 gold pieces
  3585 | D:9      | Found a stormy altar of Qazlal.
  3585 | D:9      | Found a shimmering altar of Xom.
  3722 | D:9      | Reached skill level 1 in Armour
  4127 | D:7      | Reached XP level 10. HP: 72/77 MP: 4/4
  4176 | D:7      | Reached skill level 5 in Armour
  4214 | D:7      | Found a snail-covered altar of Cheibriados.
  4215 | D:7      | Found a glowing golden altar of the Shining One.
  4230 | D:7      | Became a worshipper of Cheibriados the Contemplative
  4304 | D:6      | Reached skill level 1 in Invocations
  4401 | D:10     | Entered Level 10 of the Dungeon
  4496 | D:10     | Found Xappi's Armour Boutique.
  4523 | D:10     | Found a shimmering altar of Xom.
  4622 | D:11     | Noticed a hill giant
  4632 | D:11     | Killed a hill giant
  4660 | D:11     | Noticed a hill giant
  4669 | D:11     | Killed a hill giant
  4669 | D:11     | Reached skill level 5 in Invocations
  4746 | D:11     | Noticed a cyclops
  4760 | D:11     | Slain by a cyclops

Action                   |  1- 3 |  4- 6 |  7- 9 | 10-12 || total
-------------------------+-------+-------+-------+-------++-------
Melee: Unarmed           |    63 |   122 |   338 |   101 ||   624
 Fire: Blowgun           |       |       |       |     6 ||     6
Throw: Throwing net      |       |     5 |     1 |     2 ||     8
 Abil: Evoke Invisibilit |       |     1 |     2 |       ||     3
Evoke: Wand              |       |       |     5 |     1 ||     6
  Use: Scroll            |       |       |     4 |     1 ||     5
       Potion            |       |       |     2 |     2 ||     4
 Stab: Held in net/web   |       |     3 |     2 |       ||     5
       Invisible         |       |     3 |     5 |       ||     8
